AoeStats
← Thedesalizes

Arabia

506354229Analyzed
1v1 RM · 17d ago on Sep 13, 2026· 32m 0s· 2 players
Game mode
Random Map
Map size
Tiny (2 player)
Population
200
Speed
Normal
Resources
Standard
Victory
Conquest
Starting age
Dark Age
Ending age
Imperial Age
RankedLock teamsTeams togetherTeam positionsShared explorationLock speedFull tech treeHidden civsTurbo modeCheats
Victory
Defeat
🇭🇰 Persians · Hong Kong SAR China
1054
+17
🇪🇸 Sicilians · Spain
1077
-17
Thedesalizes
0:57 Loom
21:11 Feudal Age
22:02 Double-Bit Axe
22:02 Horse Collar
27:01 Castle Age
26:03 Forging
amegame9
5:30 Loom
14:43 Feudal Age
28:11 Castle Age
Connection lost

Rejoining the realm…

Still unreachable

The connection could not be restored.

Session expired

The server has moved on; the page needs a fresh start.